 Dungeon Sprint DCSS version 0.29-a0-418-gc0181ea820 (webtiles) character file.

Game seed: 9070910349422681689

1600000 Zeld the Acrobat (level 15, -9/137 HPs)
             Began as a Djinni Monk on May 17, 2022.
             Was a Priest of Makhleb.
             Mangled by a bag of meat
             ... wielding a +9 war axe
              (41 damage)
             ... in the Dungeon (Sprint VIII: "Arena of Blood").
             The game lasted 00:00:32 (16 turns).

Zeld the Acrobat (Djinni Monk)                        Turns: 16, Time: 00:00:33

Health: -9/137     AC:  2    Str: 16    XL:     15   Next: 14%
Gold:   0          EV: 26    Int: 14    God:    Makhleb [***...] SH:  0 Dex: 15

rFire   + + .      SeeInvis .   h - +∞ Axe of Woe
rCold   x . .      Faith    .   (shield currently unavailable)
rNeg    . . .      Spirit   .   a - +0 robe
rPois   ∞          Reflect  .   (no helmet)
rElec   .          Harm     .   (no cloak)
rCorr   .          Rampage  .   (no gloves)
Will    +....      NoTele   +   (boots unavailable)
Stlth   ++++......              (no amulet)
HPRegen 0.32/turn               (no ring)
MPRegen 0.00/turn               (no ring)

@: flying
A: sickness immunity, fire resistance 2, cold vulnerability 1, float, innate
caster, HP casting, extra vitality 1
a: Renounce Religion, Minor Destruction, Lesser Servant of Makhleb


You were in the Dungeon.
You worshipped Makhleb.
Makhleb was most pleased with you.
You visited 1 branch

Inventory:

Hand Weapons
 h - the +∞ Axe of Woe (weapon)
   (You found it in the Dungeon)
Armour
 a - a +0 robe (worn)
Scrolls
 g - a scroll of blinking
Potions
 b - a potion of ambrosia
 c - a potion of curing
 d - a potion of heal wounds
 e - a potion of haste
 f - a potion of berserk rage


   Skills:
 + Level 22.7 Fighting
 + Level 7.0 Axes
 + Level 24.5 Dodging
 + Level 8.8 Stealth
 - Level 19.5 Unarmed Combat
 * Level 9.2 Spellcasting


You had 7 spell levels left.
You knew the following spells:

 Your Spells              Type           Power      Damage    Failure   Level
a - Pain                  Necr           100%       1d9       1%          1
b - Poisonous Vapours     Pois/Air       64%        N/A       1%          2
c - Portal Projectile     Hex/Tloc       64%        N/A       1%          3
d - Dazzling Flash        Conj/Hex       64%        N/A       1%          3
e - Freezing Cloud        Conj/Ice/Air   16%        6-21      7%          5
f - Yara's Violent Unrav  Hex/Tmut       16%        3d8       7%          5
g - Starburst             Conj/Fire      16%        6d6       36%         6
Your spell library was empty.

Dungeon Overview and Level Annotations

Branches:
Dungeon (1/1)

Altars:
Makhleb


Innate Abilities, Weirdness & Mutations

You are immune to sickness and miasma.
You are immune to poison.
Your flesh is very heat resistant. (rF++)
You are vulnerable to cold. (rC-)
You float through the air rather than walking.
You learn spells naturally, not from books.
Your magical power is your life essence.
You have superior vitality. (+4 MHP)


Message History

Your Stealth skill increases to level 8!
Your Spellcasting skill gained 9 levels and is now at level 9!
You have reached level 14!
You have reached level 15!
Your experience leads to an increase in your attributes!
Increase (S)trength, (I)ntelligence, or (D)exterity?
You feel stronger. x2
The power to cast Starburst wells up from within.
Spell assigned to 'g'.
Casting: Yara's Violent Unravelling (dangerous; 7% risk of failure)
Confirm with . or Enter, or press ? or * to list all spells.
Aiming: Yara's Violent Unravelling (dangerous; 7% risk of failure)
Press: ? - help, Dir - move target, f - meat berserker
Aim: a meat berserker, wielding a +9 battleaxe and wearing a +30 ring of slaying (berserk)
The meat berserker has no magical effects to unravel.
Okay, then.
The meat berserker appears out of thin air!
A meat berserker comes into view. It is wielding a +9 battleaxe.
You hear a shout!
The meat berserker rages.
You hear a shout! x6
A meat berserker comes into view. It is wielding a +9 battleaxe.
You hear a shout!
The meat berserker hits you with a +9 battleaxe!!!
Unknown command.
You slice the meat berserker!!
You hew the meat berserker savagely.
You kill the meat berserker!
Makhleb accepts your kill.
You hear a shout!
The meat berserker rages.
You hear a shout!
A bag of meat comes into view. It is wielding a +9 war axe.
The meat berserker rages.
A bag of meat comes into view. It is wielding a +9 war axe.
You hear a shout!
A bag of meat comes into view. It is wielding a +9 war axe.
The meat berserker hits you with a +9 battleaxe!!!
* * * LOW HITPOINT WARNING * * *
The bag of meat hits you with a +9 war axe!!!
You die...

.. .. .. .. #.
.# #.O ..#
.###.. ..###.
o...oo###o...o.
......._.oO....
....#..oo.#....
. #_.@._# .
#..O..#
....._.....
...O..###......
.###.. ..###.
#.. ..# #.. ..#
.. ..


You could see 4 meat berserkers and 8 bags of meat.

Vanquished Creatures
  4 ogres (D)
  2 orcs (D)
6 creatures vanquished.

Notes
Turn   | Place    | Note
-------+----------+-------------------------------------------
     0 | D        | Found the +∞ Axe of Woe
     0 | D        | Zeld the Djinni Monk began the quest for the Orb.
     0 | D        | Reached XP level 1. HP: 20/20 MP: 0/0
     2 | D        | Noticed a bag of meat
     3 | D        | Noticed a meat berserker
     4 | D        | Became a worshipper of Makhleb the Destroyer
     4 | D        | Reached * piety under Makhleb
     4 | D        | Reached ** piety under Makhleb
     5 | D        | Noticed a bag of meat
     5 | D        | Noticed a bag of meat
     6 | D        | Killed a meat berserker
     7 | D        | Reached skill level 18 in Dodging
     7 | D        | Reached XP level 2. HP: 46/46 MP: 0/0
     7 | D        | Reached XP level 3. HP: 51/51 MP: 0/0
     7 | D        | Learned a level 1 spell: Pain
     7 | D        | Reached XP level 4. HP: 58/58 MP: 0/0
     7 | D        | Reached XP level 5. HP: 64/64 MP: 0/0
     7 | D        | Learned a level 2 spell: Poisonous Vapours
     7 | D        | Reached XP level 6. HP: 70/70 MP: 0/0
     7 | D        | Reached XP level 7. HP: 76/76 MP: 0/0
     7 | D        | Learned a level 3 spell: Portal Projectile
     7 | D        | Reached XP level 8. HP: 82/82 MP: 0/0
     7 | D        | Reached XP level 9. HP: 88/88 MP: 0/0
     7 | D        | Learned a level 3 spell: Dazzling Flash
     7 | D        | Reached XP level 10. HP: 94/94 MP: 0/0
     7 | D        | Reached XP level 11. HP: 100/100 MP: 0/0
     7 | D        | Learned a level 5 spell: Freezing Cloud
     7 | D        | Reached XP level 12. HP: 106/106 MP: 0/0
    10 | D        | Killed a bag of meat
    10 | D        | Noticed a meat berserker
    10 | D        | Noticed a bag of meat
    11 | D        | Reached skill level 1 in Axes
    11 | D        | Reached skill level 20 in Dodging
    11 | D        | Reached XP level 13. HP: 115/115 MP: 0/0
    11 | D        | Learned a level 5 spell: Yara's Violent Unravelling
    11 | D        | Killed a bag of meat
    11 | D        | Reached *** piety under Makhleb
    11 | D        | Noticed a bag of meat
    11 | D        | Noticed a meat berserker
    11 | D        | Noticed a bag of meat
    12 | D        | Reached skill level 21 in Dodging
    12 | D        | Noticed a meat berserker
    12 | D        | Noticed a bag of meat
    14 | D        | Killed a meat berserker
    14 | D        | Killed a meat berserker
    14 | D        | Noticed a meat berserker
    14 | D        | Noticed a meat berserker
    15 | D        | Reached skill level 24 in Dodging
    15 | D        | Reached XP level 14. HP: 130/130 MP: 0/0
    15 | D        | Reached XP level 15. HP: 137/137 MP: 0/0
    15 | D        | Learned a level 6 spell: Starburst
    15 | D        | Noticed a meat berserker
    16 | D        | Noticed a meat berserker
    16 | D        | Killed a meat berserker
    16 | D        | Mangled by a bag of meat

Illustrated notes

Levels and vault maps discovered:
D:        meatsprint

Skill      XL: |  1  2  3  4  5  6  7  8  9 10 11 12 13 |
---------------+----------------------------------------+-----
Fighting       | 17 18 22 | 22.7
Dodging        | 18 20 24 | 24.5
Stealth        | 6 7 8 |  8.8
Unarmed Combat | 17 18 19 | 19.5
Axes           | 1 7 |  7.0
Spellcasting   | 9 |  9.2

Action                   |  1- 3 |  4- 6 |  7- 9 | 10-12 | 13-15 || total
-------------------------+-------+-------+-------+-------+-------++-------
Melee: Executioner's axe |     1 |       |       |     1 |     3 ||     5

Table legend: (Time is in decaauts)
 A = Elapsed time spent in this place.
 B = Non-inter-level travel time spent in this place.
 C = Inter-level travel time spent in this place.
 D = Time resting spent in this place.
 E = Time spent auto-exploring this place.
 F = Levels seen in this place.
 G = Mean time per level.
                   A        B        C        D        E       F      G
               +--------+--------+--------+--------+--------+-----+--------+
         Total |     18 |     18 |      0 |      0 |      0 |   1 |   18.0 |
       Dungeon |     18 |     18 |      0 |      0 |      0 |   1 |   18.0 |
               +--------+--------+--------+--------+--------+-----+--------+

Top non-repeatable levels by time:
       D: 18 daAuts
